 Dungeon Crawl Stone Soup version 0.20.0-10-g0535bb4 (webtiles) character file.

4048 McKennaii the Carver (level 10, -2/74 HPs)
             Began as a Demonspawn Fighter on June 5, 2017.
             Was an Initiate of Qazlal.
             Slain by a two-headed ogre
             ... wielding a +0 giant club
              (4 damage)
             ... on level 9 of the Dungeon.
             The game lasted 00:18:54 (10123 turns).

McKennaii the Carver (Demonspawn Fighter)          Turns: 10123, Time: 00:18:55

Health: -2/74      AC: 16    Str: 19    XL:     10   Next: 4%
Magic:  10/10      EV:  5    Int: 10    God:    Qazlal [......]
Gold:   177        SH: 10    Dex: 15    Spells: 9/9 levels left

rFire    + . .     SeeInvis .   a - +0 long sword
rCold    . . .     Gourm    .   c - +0 shield
rNeg     . . .     Faith    .   B - +1 plate armour {rPois}
rPois    +         Spirit   .   h - +0 helmet
rElec    .         Reflect  .   v - +0 cloak
rCorr    .         Harm     .   (no gloves)
MR       .....                  (no boots)
Stlth    ..........             L - amulet of regeneration
Regen    0.7/turn               (no ring)
MPRegen  0.2/turn               (no ring)

@: drained
A: hooves 1, thin skeletal structure 1, fire resistance 1, flame cloud immunity
a: Renounce Religion


You were on level 9 of the Dungeon.
You worshipped Qazlal.
Qazlal was noncommittal.
You were not hungry.

You visited 3 branches of the dungeon, and saw 11 of its levels.

You collected 509 gold pieces.
You spent 332 gold pieces at shops.

Inventory:

Hand Weapons
 a - a +0 long sword (weapon)
Armour
 c - a +0 shield (worn)
 h - a +0 helmet (worn)
 v - a +0 cloak (worn)
 B - a +1 plate armour of poison resistance (worn)
Jewellery
 G - an uncursed ring of fire
 L - an amulet of regeneration (around neck)
Wands
 b - a wand of lightning (0/15)
 D - a wand of polymorph (12/24)
Scrolls
 e - 4 scrolls of magic mapping
 j - 3 scrolls of teleportation
 k - 10 scrolls of identify
 l - a scroll of fear {unknown}
 m - 8 scrolls of remove curse
 n - a scroll of enchant weapon {unknown}
 o - 2 scrolls of noise
 q - 3 scrolls of blinking {unknown}
 u - 2 scrolls of amnesia {unknown}
 y - 2 scrolls of fog {unknown}
 E - a scroll of immolation {unknown}
 J - a scroll of recharging {unknown}
Potions
 d - 2 potions of might
 p - a potion of ambrosia {unknown}
 r - 4 potions of curing {unknown}
 s - 3 potions of invisibility {unknown}
 t - 3 potions of flight {unknown}
 w - a potion of berserk rage {unknown}
 z - a potion of resistance {unknown}
 A - 4 potions of brilliance {unknown}
 C - 2 potions of degeneration {unknown}
 I - 2 potions of haste {unknown}
 K - 2 potions of lignification {unknown}
Books
 x - a book of Cantrips

   Spells                             Type                      Level
   a - Confusing Touch                Hexes                        1
   b - Animate Skeleton               Necromancy                   1
   c - Summon Small Mammal            Summoning                    1
   d - Apportation                    Translocation                1
 H - a book of Maledictions

   Spells                             Type                      Level
   a - Corona                         Hexes                        1
   b - Ensorcelled Hibernation        Hexes/Ice                    2
   c - Confuse                        Hexes                        3
   d - Tukima's Dance                 Hexes                        3
   e - Dazzling Spray                 Conjuration/Hexes            3
Miscellaneous
 M - a box of beasts
Comestibles
 f - 9 bread rations
 g - 11 fruits
 i - 8 meat rations
 F - a royal jelly
 N - 3 chunks of flesh


   Skills:
 + Level 5.5(4.8) Fighting
 + Level 8.7(8.0) Long Blades
 + Level 6.9(6.3) Armour
 + Level 2.0(1.4) Dodging
 + Level 0.6(0.0) Stealth
 + Level 6.7(6.1) Shields
 - Level 1.0(0.4) Unarmed Combat
 + Level 0.4(0.0) Evocations


You had 9 spell levels left.
You didn't know any spells.

Dungeon Overview and Level Annotations

Branches:
Dungeon (9/15)             Temple (1/1) D:7            Lair (1/6) D:8
    Orc: D:9-12

Altars:
Ashenzari
Dithmenos
Elyvilon
Fedhas
Gozag
Hepliaklqana
Kikubaaqudgha
Makhleb
Okawaru
Qazlal
Ru
Sif Muna
Trog
Uskayaw
Vehumet
Xom
Yredelemnul
Zin
The Shining One

Shops:
D:4 [   D:6 ?

Annotations:
D:8 2d6's ghost, novice DDCK


Innate Abilities, Weirdness & Mutations

You have large cloven feet.
You have a somewhat thin skeletal structure. (Dex +2, Stealth)
Your flesh is heat resistant. (rF+)
You are immune to clouds of flame.


Message History

The two-headed ogre is severely wounded.
The two-headed ogre hits you with a giant club!
The two-headed ogre hits you but does no damage.
Your shield and plate armour prevent you from hitting the two-headed ogre.
The two-headed ogre is severely wounded.
The two-headed ogre hits you with a giant club!!
* * * LOW HITPOINT WARNING * * *
The two-headed ogre hits you with a dire flail!
* * * LOW HITPOINT WARNING * * *
You hit the two-headed ogre.
The two-headed ogre is severely wounded.
The two-headed ogre hits you with a giant club.
* * * LOW HITPOINT WARNING * * *
The two-headed ogre barely misses you.
You hit the two-headed ogre but do no damage.
You kick the two-headed ogre, but do no damage.
The two-headed ogre is severely wounded.
You block the two-headed ogre's attack.
The two-headed ogre hits you with a dire flail.
You die...

#................................
#..............(......######.....
#.....)...............######.!...
#............................H...
#................<...............
#.######.######..................
#.# #.######..###########..###
#.######.........................
#...............@O†(>............
#.#########..#######...#########.
#.# #..# #...# . #.# #..# #...#
#.# #..# #...# #.# #..#######...#
#.#########<).)........#######
#..............)..............
#.#######.....................


You could see a two-headed ogre.

Vanquished Creatures
  A two-headed ogre (D:7)
  A komodo dragon (Lair:1)
  Sigmund (D:5)
  Menkaure (D:5)
  A water moccasin (D:8)
  An ice beast (D:6)
  A sky beast (D:7)
  3 slaves (D:6)
  An orc warrior (D:9)
  A phantom (D:7)
  A hornet zombie (D:7)
  A necrophage (D:8)
  A black bear (D:6)
  3 ogres
  A big kobold (D:6)
  4 bullfrogs
  Blork the orc (D:6)
  2 scorpions
  A water moccasin skeleton (D:8)
  5 howler monkeys
  A bullfrog zombie (D:5)
  A crimson imp (D:5)
  A centaur zombie (D:6)
  6 orc priests
  3 hounds
  2 jellies
  Jessica (D:3)
  A bullfrog skeleton (D:4)
  2 iguanas
  Terence (D:2)
  5 worker ants
  6 orc wizards
  A killer bee zombie (D:8)
  A hound zombie (D:5)
  A hound skeleton (D:4)
  7 gnolls
  8 adders
  3 shadow imps (D:5)
  An ooze (D:7)
  An adder zombie (D:6)
  An adder skeleton (D:4)
  3 worms
  5 dart slugs
  4 leopard geckos
  21 orcs
  A ball python (D:2)
  4 bats
  4 giant cockroaches
  14 goblins
  7 hobgoblins
  2 jackals
  7 kobolds
  4 quokkas
  10 frilled lizards
  A jackal zombie (D:5)
  A leopard gecko zombie (D:5)
  A quokka skeleton (D:8)
  A quokka zombie (D:8)
  5 rats
181 creatures vanquished.

Vanquished Creatures (collateral kills)
  An adder (D:9)
1 creature vanquished.

Grand Total: 182 creatures vanquished

Notes
Turn   | Place    | Note
-------+----------+-------------------------------------------
     0 | D:1      | McKennaii the Demonspawn Fighter began the quest for the Orb.
     0 | D:1      | Reached XP level 1. HP: 18/18 MP: 1/1
   130 | D:1      | Gained mutation: Your flesh is heat resistant. (rF+) [demonic ancestry]
   130 | D:1      | Reached XP level 2. HP: 24/24 MP: 2/2
   256 | D:1      | Reached skill level 2 in Long Blades
   620 | D:2      | Gained mutation: You have large cloven feet. [demonic ancestry]
   620 | D:2      | Reached XP level 3. HP: 27/29 MP: 3/3
   702 | D:2      | Found a glowing silver altar of Zin.
  1115 | D:2      | Reached XP level 4. HP: 31/35 MP: 4/4
  1167 | D:2      | Noticed Terence
  1179 | D:2      | Killed Terence
  1179 | D:2      | Reached skill level 3 in Long Blades
  1188 | D:2      | Found a blossoming altar of Fedhas.
  1458 | D:3      | Found a shimmering altar of Xom.
  1471 | D:3      | Gained mutation: You have a somewhat thin skeletal structure. (Dex +2, Stealth) [demonic ancestry]
  1471 | D:3      | Reached XP level 5. HP: 41/41 MP: 5/5
  1797 | D:3      | Noticed Jessica
  1802 | D:3      | Killed Jessica
  2364 | D:4      | Found Quujoen's Armour Shop.
  2387 | D:4      | Reached XP level 6. HP: 28/48 MP: 6/6
  2460 | D:4      | Found a white marble altar of Elyvilon.
  2641 | D:4      | Reached skill level 4 in Long Blades
  3284 | D:5      | Entered Level 5 of the Dungeon
  3284 | D:5      | Noticed Sigmund
  3332 | D:5      | Found a burning altar of Makhleb.
  3411 | D:5      | Reached XP level 7. HP: 46/54 MP: 7/7
  3659 | D:5      | Reached skill level 5 in Long Blades
  3928 | D:4      | Found a glowing golden altar of the Shining One.
  4120 | D:5      | Killed Sigmund
  4120 | D:5      | Reached skill level 1 in Dodging
  4468 | D:5      | Reached skill level 1 in Unarmed Combat
  4596 | D:5      | Found a deep blue altar of Sif Muna.
  4596 | D:5      | Noticed Menkaure
  4611 | D:5      | Killed Menkaure
  4611 | D:5      | Gained mutation: You are immune to clouds of flame. [demonic ancestry]
  4611 | D:5      | Reached XP level 8. HP: 5/61 MP: 8/8
  5082 | D:5      | Reached skill level 5 in Armour
  5555 | D:4      | Bought a +1 plate armour of poison resistance for 320 gold pieces
  5613 | D:6      | Found a shadowy altar of Dithmenos.
  5887 | D:6      | Reached skill level 6 in Long Blades
  6024 | D:6      | Reached skill level 5 in Shields
  6612 | D:6      | Found Bidi's Magic Scroll Boutique.
  6615 | D:6      | Bought a scroll of noise for 12 gold pieces
  6647 | D:6      | Noticed Blork the orc
  6658 | D:6      | Killed Blork the orc
  6808 | D:7      | Noticed a two-headed ogre
  6893 | D:7      | Found a staircase to the Ecumenical Temple.
  6924 | D:7      | Killed a two-headed ogre
  6924 | D:7      | Reached skill level 5 in Fighting
  6924 | D:7      | Reached skill level 7 in Long Blades
  6924 | D:7      | Reached XP level 9. HP: 60/68 MP: 9/9
  7327 | D:7      | Found an opulent altar of Gozag.
  7413 | Temple   | Entered the Ecumenical Temple
  7428 | Temple   | Became a worshipper of Qazlal Stormbringer
  7758 | D:7      | Reached skill level 8 in Long Blades
  8015 | D:7      | Found a shattered altar of Ashenzari.
  8648 | D:8      | Found a staircase to the Lair.
  8870 | D:8      | Noticed 2d6's ghost (novice DDCK)
  9538 | Lair:1   | Entered Level 1 of the Lair of Beasts
  9545 | Lair:1   | Noticed a komodo dragon
  9558 | Lair:1   | HP: 1/67 [komodo dragon (15)]
  9568 | Lair:1   | Killed a komodo dragon
  9659 | Lair:1   | Noticed a black mamba
  9783 | D:9      | Found a bloodstained altar of Trog.
  9783 | D:9      | Found a radiant altar of Vehumet.
  9892 | D:9      | Noticed a two-headed ogre
  9905 | D:8      | Reached XP level 10. HP: 55/74 MP: 10/10
 10121 | D:9      | HP: 3/74 [two-headed ogre/giant club (8)]
 10123 | D:9      | Slain by a two-headed ogre

Skill      XL: |  1  2  3  4  5  6  7  8  9 |
---------------+----------------------------+-----
Armour         | 3 4 6 |  6.9
Long Blades    | 2 3 4 5 7 8 |  8.7
Shields        | 3 4 5 6 |  6.7
Fighting       | 4 5 |  5.5
Dodging        | 1 2 |  2.0
Unarmed Combat | 1 |  1.0
Stealth        | |  0.6
Evocations     | |  0.4

Action                   |  1- 3 |  4- 6 |  7- 9 | 10-12 || total
-------------------------+-------+-------+-------+-------++-------
Melee: Long sword        |   124 |   200 |   747 |    39 ||  1110
       Kick              |    18 |    69 |   268 |    10 ||   365
       Unarmed           |       |       |    20 |       ||    20
Evoke: Wand              |       |       |     5 |       ||     5
       Box of beasts     |       |       |       |     1 ||     1
  Use: Potion            |       |     2 |     4 |       ||     6
       Scroll            |       |       |     6 |       ||     6
  Eat: Chunk             |       |     8 |    14 |     1 ||    23
       Royal jelly       |       |       |     2 |       ||     2
       Meat ration       |       |       |     1 |       ||     1
Armor: Scale mail        |    72 |   101 |    58 |       ||   231
       Plate armour      |       |       |   348 |    17 ||   365
Dodge: Dodged            |    53 |    57 |   171 |     5 ||   286
Block: Shield            |    83 |    78 |   431 |    23 ||   615
       Rpst.: Long sword |    22 |    24 |    50 |     1 ||    97
